 Dungeon Crawl Stone Soup version 0.21.1-1-g345015fe64 (webtiles) character file.

652 Evaline the Covert (level 7, -1/35 HPs)
             Began as a Spriggan Assassin on June 27, 2018.
             Was an Initiate of Okawaru.
             Killed from afar by an orc wizard (7 damage)
             ... with a puff of flame
             ... on level 5 of the Dungeon.
             The game lasted 00:51:47 (6450 turns).

Evaline the Covert (Spriggan Assassin)              Turns: 6450, Time: 00:51:47

Health: -1/35      AC:  3    Str:  7    XL:     7   Next: 28%
Magic:  12/12      EV: 19    Int: 15    God:    Okawaru [......]
Gold:   168        SH:  0    Dex: 17    Spells: 2/12 levels left

rFire    . . .     SeeInvis +   w - +0 rapier
rCold    . . .     Gourm    .   (shield restricted)
rNeg     . . .     Faith    .   c - +0 robe
rPois    .         Spirit   .   (helmet restricted)
rElec    .         Reflect  .   d - +0 cloak
rCorr    .         Harm     .   (gloves unavailable)
MR       +....                  (boots unavailable)
Stlth    ++++......             (no amulet)
HPRegen  0.11/turn              (no ring)
MPRegen  0.13/turn              (no ring)

@: very quick
A: very small, unfitting armour, see invisible, herbivore, speed 3, slow
metabolism 2
a: Renounce Religion


You were on level 5 of the Dungeon.
You worshipped Okawaru.
Okawaru was noncommittal.
You were hungry.

You visited 2 branches of the dungeon, and saw 6 of its levels.

You collected 168 gold pieces.

Inventory:

Hand Weapons
 a - a +2 dagger
 b - a +0 hunting sling
 h - a +2 spear of distortion
 i - a +0 blowgun
 k - a +0 club
 w - a +0 rapier (weapon)
Missiles
 e - 33 poisoned needles
 f - 160 stones
 m - 4 needles of paralysis
 r - 14 sling bullets
 s - 2 curare-tipped needles
 C - a tomahawk (quivered)
Armour
 c - a +0 robe (worn)
 d - a +0 cloak (worn)
Jewellery
 q - an uncursed amulet of harm {unknown}
Scrolls
 j - 4 scrolls of amnesia {unknown}
 o - 2 scrolls of enchant weapon {unknown}
 p - a scroll of remove curse {unknown}
 u - 6 scrolls of identify {unknown}
 v - 2 scrolls of immolation {unknown}
 y - a scroll of fear {unknown}
 A - a scroll of fog {unknown}
 D - 4 scrolls of teleportation {unknown}
 E - a scroll of noise {unknown}
 F - a scroll of blinking {unknown}
Potions
 l - a potion of degeneration {unknown}
 n - 2 potions of haste {unknown}
 t - a potion of agility {unknown}
 x - a potion of cancellation {unknown}
 z - a potion of resistance {unknown}
Books
 B - a book of Misfortune

   Spells                             Type                      Level
   a - Confusing Touch                Hexes                        1
   b - Confuse                        Hexes                        3
   c - Gell's Gravitas                Translocation                3
   d - Petrify                        Transmutation/Earth          4
   e - Metabolic Englaciation         Hexes/Ice                    5
   f - Yara's Violent Unravelling     Hexes/Transmutation          5
Comestibles
 g - 10 rations


   Skills:
 - Level 2.0 Fighting
 * Level 3.8 Short Blades
 + Level 3.9(4.3) Slings
 + Level 2.0(2.9) Throwing
 * Level 4.1 Dodging
 * Level 8.8 Stealth
 * Level 3.0 Spellcasting
 * Level 1.1 Hexes
 - Level 2.2 Translocations
 * Level 1.2 Transmutations


You had 2 spell levels left.
You knew the following spells:

 Your Spells              Type           Power        Failure   Level  Hunger
a - Confuse               Hex            #.......     36%         3    ###....
b - Petrify               Tmut/Erth      #.......     83%         4    #####..
c - Gell's Gravitas       Tloc           #.........   24%         3    ###....


Dungeon Overview and Level Annotations

Branches:
Dungeon (5/15)             Temple (1/1) D:5

Altars:
Ashenzari
Cheibriados
Dithmenos
Elyvilon
Gozag
Hepliaklqana
Kikubaaqudgha
Makhleb
Nemelex Xobeh
Okawaru
Qazlal
Trog
Uskayaw
Vehumet
Wu Jian
Xom
Yredelemnul
Zin
The Shining One

Annotations:
D:1 Hostile(Y)


Innate Abilities, Weirdness & Mutations

You are very small and have problems with some larger weapons.
You are too small for most types of armour.
You have supernaturally acute eyesight. (SInv)
You are a herbivore.
You cover ground extremely quickly.
You need consume almost no food.


Message History

You throw a tomahawk. The tomahawk barely misses the orc.
The tomahawk hits the orc wizard.
You kill the orc wizard!
Okawaru accepts your kill.
Training target 2.0 for Translocations reached!
Your Translocations skill increases to level 2!
Throwing (i - inventory. (,) - cycle):
C - 2 tomahawks (quivered)
Press: ? - help, Shift-Dir - straight line, f - orc
Aim: an orc, wielding a whip You throw a tomahawk.
The tomahawk completely misses the orc.
You barely miss the orc. The orc completely misses you.
You closely miss the orc.
The orc wizard points at you and mumbles some strange words.
The puff of flame hits you!
* * * LOW HITPOINT WARNING * * *
The orc completely misses you. The orc completely misses you.
The orc wizard casts a spell at you. The puff of flame hits you!
You die...

#....# #..### ##..##
####.## #.## #....##
##..######.# ##.....##
#.......#..#
##...#...###
##.#........#
##...###.[..##
#..#####....####...##
##....# ##.##
####..##....# ##....
#.## #..#....## ##...
###.# ##@.....# #....
#..## ##.......#
##...# ###.##
##)..##...# ##...#.
##.###
##.o.####....##....#.#
#...####...##
##..........#.
##...#....##
##....##..#.#
##.....o.##
...####..#.
##..<...o## ..## #...#
#.......## # #....


You could see an orc wizard and 2 orcs.

Vanquished Creatures
  An ice beast (D:5)
  2 ogres
  A howler monkey (D:4)
  A centaur skeleton (D:4)
  An iguana (D:4)
  An orc wizard (D:5)
  4 worker ants
  A killer bee zombie (D:5)
  Robin (D:2)
  3 adders
  A shadow imp (D:5)
  An ooze (D:3)
  3 worms (D:2)
  2 dart slugs
  5 leopard geckos
  4 orcs
  3 ball pythons
  12 bats
  5 giant cockroaches
  9 hobgoblins
  6 jackals
  5 frilled lizards
  13 goblins
  7 kobolds
  4 rats
  3 rat zombies (D:3)
99 creatures vanquished.

Notes
Turn   | Place    | Note
-------+----------+-------------------------------------------
     0 | D:1      | Evaline the Spriggan Assassin began the quest for the Orb.
     0 | D:1      | Reached XP level 1. HP: 10/10 MP: 2/2
    23 | D:1      | Reached skill level 6 in Stealth
   240 | D:1      | Reached XP level 2. HP: 14/14 MP: 3/3
   430 | D:1      | Found a shimmering altar of Xom.
  1679 | D:2      | Reached skill level 7 in Stealth
  1735 | D:2      | Noticed Robin
  2272 | D:2      | Reached XP level 3. HP: 13/18 MP: 4/4
  2935 | D:2      | Reached skill level 1 in Slings
  2935 | D:2      | Reached skill level 1 in Spellcasting
  3056 | D:2      | Reached XP level 4. HP: 23/23 MP: 6/6
  3110 | D:2      | Noticed an ogre
  3195 | D:2      | Killed an ogre
  3195 | D:2      | Reached XP level 5. HP: 25/26 MP: 6/8
  3390 | D:2      | Killed Robin
  3768 | D:3      | Found an ornate altar of the Wu Jian Council.
  3768 | D:3      | Found a stormy altar of Qazlal.
  4125 | D:3      | Found an ancient bone altar of Kikubaaqudgha.
  4520 | D:3      | Noticed an ogre
  4633 | D:3      | Killed an ogre
  4633 | D:3      | Reached skill level 8 in Stealth
  4633 | D:3      | Reached XP level 6. HP: 17/30 MP: 10/10
  5045 | D:4      | Learned a level 3 spell: Confuse
  5050 | D:4      | Learned a level 4 spell: Petrify
  5054 | D:4      | Learned a level 3 spell: Gell's Gravitas
  5795 | D:4      | Reached skill level 1 in Translocations
  6031 | D:5      | Entered Level 5 of the Dungeon
  6054 | D:5      | Noticed an ice beast
  6061 | D:5      | Killed an ice beast
  6061 | D:5      | Reached skill level 1 in Hexes
  6061 | D:5      | Reached skill level 1 in Transmutations
  6061 | D:5      | Reached XP level 7. HP: 35/35 MP: 12/12
  6087 | D:5      | Found a staircase to the Ecumenical Temple.
  6105 | Temple   | Entered the Ecumenical Temple
  6184 | Temple   | Became a worshipper of Warmaster Okawaru
  6450 | D:5      | Killed from afar by an orc wizard

Skill      XL: |  1  2  3  4  5  6  7 |
---------------+----------------------+-----
Stealth        | 6 7 8 |  8.8
Dodging        | 2 3 4 |  4.1
Slings         | 1 2 3 |  3.9
Spellcasting   | 1 2 3 |  3.0
Short Blades   | 3 |  3.8
Fighting       | 2 |  2.0
Translocations | 1 2 |  2.2
Hexes          | 1 |  1.1
Transmutations | 1 |  1.2
Throwing       | |  2.0

Action                   |  1- 3 |  4- 6 |  7- 9 || total
-------------------------+-------+-------+-------++-------
Melee: Dagger            |    25 |    29 |     1 ||    55
       Short sword       |    91 |   133 |       ||   224
       Rapier            |       |       |    22 ||    22
 Fire: Blowgun           |     3 |       |       ||     3
       Hunting sling     |    61 |   102 |    19 ||   182
Throw: Stone             |    39 |     1 |       ||    40
       Tomahawk          |       |       |     4 ||     4
 Stab: Sleeping          |    10 |    20 |     1 ||    31
  Eat: Ration            |       |       |     1 ||     1
Armor: Robe              |    21 |    15 |     1 ||    37
Dodge: Dodged            |   129 |   113 |    23 ||   265
